AoeStats
← Hoanga

Arabia

510645682Analyzed
1v1 RM · 1d ago on Oct 2, 2026· 29m 21s· 2 players
Game mode
Random Map
Map size
Tiny (2 player)
Population
200
Speed
Normal
Resources
Standard
Victory
Conquest
Starting age
Dark Age
Ending age
Imperial Age
RankedLock teamsTeams togetherTeam positionsShared explorationLock speedFull tech treeHidden civsTurbo modeCheats
Victory
Defeat
1333
+17
🇲🇽 Danes · Mexico
1356
-17
Licenciado en pegarle al perro
8:09 Loom
11:48 Feudal Age
12:14 Man-at-Arms
16:41 Double-Bit Axe
18:02 Horse Collar
20:57 Wheelbarrow
23:43 Castle Age
22:01 Gold Mining
22:56 Bloodlines
23:26 Scale Barding Armor
28:33 Forging
30:17 Chain Barding Armor
Hoanga
4:36 Loom
18:08 Feudal Age
21:56 Castle Age
21:07 Double-Bit Axe
21:21 Horse Collar
26:58 Pikeman
Connection lost

Rejoining the realm…

Still unreachable

The connection could not be restored.

Session expired

The server has moved on; the page needs a fresh start.